[Event "*** Qualifier 3: Titled Tuesday 3|2 Blitz"]
[Site "Chess.com"]
[Date "2017.04.18"]
[Round "2"]
[White "rasmussvane"]
[Black "Paralinch"]
[Result "0-1"]
[WhiteElo "2496"]
[BlackElo "2696"]
[TimeControl "180+2"]
[EndTime "13:25:31 PDT"]
[Termination "Paralinch won by resignation"]

1. Nf3 c6 2. c4 d5 3. e3 Nf6 4. Nc3 Bg4 5. cxd5 Bxf3 6. Qxf3 cxd5 7.
d4 Nc6 8. Bd3 e6 9. O-O Bd6 10.
Bd2 O-O 11. Rfc1 Rc8 12. Qe2 Qe7 13. a3 a6 14. Rc2 e5 15. dxe5 Qxe5 16. g3 d4 17. Nd1 dxe3 18. Bxe3 Nd5 19. Rac1 Rce8 20. Rc4 Nxe3 21. Nxe3 g6 22. Re4 Qg7 23. Nc4 Rxe4 24.
Bxe4 Nd4 25. Qd3 Bc7 26. Bxb7 Rd8 27. Qe4 Qf6 28. Kg2 Nb3 29. Rc3 Nc5 30. Qf3 Qd4 31.
Ne3 Be5 32. Bd5 Ne6 33. Bxe6 fxe6 34. Ng4 Bg7 35. Rc7 Qd5 36. b4 Qxf3+ 37. Kxf3 Rd3+ 38.
Ke4 Rxa3 39. Rc8+ Kf7 40. Rc7+ Kg8 41. Rb7 Ra2 42. Kf3 h5 43. Ne3 Bd4 44. h3 Rb2 45.
Rb8+ Kf7 46. Ra8 Ra2 47. Rc8 Rb2 48. Rc6 Ra2 49. Rd6 e5 50. Rc6 Kg7 51. g4 hxg4+ 52. hxg4 Kh6 53. Nf5+ Kg5 54. Nxd4 exd4 55. Kg3 Ra3+ 56.
f3 Kh6 57. Rd6 d3 58. Kf4 Rb3 59. Rxd3 Rxd3 0-1

[Event "*** Qualifier 3: Titled Tuesday 3|2 Blitz"]
[Site "Chess.com"]
[Date "2017.04.18"]
[Round "2"]
[White "TenisMaster"]
[Black "GrigorGrigorov"]
[Result "1-0"]
[WhiteElo "2669"]
[BlackElo "2468"]
[TimeControl "180+2"]
[EndTime "13:25:32 PDT"]
[Termination "TenisMaster won by resignation"]

1. e4 g6 2. d4 Bg7 3. Nc3 c6 4. h3 d6 5. Nf3 Nf6 6. Bd3 O-O 7. O-O Nbd7 8. Be3 e5 9. a4 Re8 10.
Qd2 d5 11. dxe5 Nxe4 12. Bxe4 dxe4 13. Bg5 Qa5 14. Nxe4 Qxd2 15. Nfxd2 Bxe5 16. Nc4 Bxb2 17. Rae1 Bg7 18. Ned6 Re6 19. Rxe6 fxe6 20. Re1 Nb6 21.
Nxb6 axb6 22. Nxc8 Rxc8 23. Rxe6 Bf8 24. Be3 Ra8 25. Re4 Bc5 26. Kf1 Bxe3 27. fxe3 Kf7 28.
Ke2 Ra5 29. Rd4 Ke6 30. Rb4 Ra6 31. Kd3 Kd5 32. c3 Kc5 33. Rc4+ Kd6 34. Rd4+ Ke6 35.
Rh4 h5 36. Rb4 Kd5 37. h4 Ke5 38. g4 Kd5 39. gxh5 gxh5 40. Rd4+ Ke6 41. Rf4 Ra5 42. Rb4 Rd5+ 43. Ke2 b5 44. axb5 cxb5 45. Re4+ Kd6 46. Rd4 Ke5 47. Rxd5+ Kxd5 48. Kd3 Kc5 49.
e4 b6 50. Ke3 Kc4 51. e5 Kxc3 52. e6 b4 53. e7 b3 54. e8=Q b2 55. Qc6+ Kb3 56.
Qxb6+ 1-0

[Event "*** Qualifier 3: Titled Tuesday 3|2 Blitz"]
[Site "Chess.com"]
[Date "2017.04.18"]
[Round "2"]
[White "MITerryble"]
[Black "Gabix_94"]
[Result "0-1"]
[WhiteElo "2644"]
[BlackElo "2515"]
[TimeControl "180+2"]
[EndTime "13:25:42 PDT"]
[Termination "Gabix_94 won by resignation"]

1. d4 Nf6 2. Nf3 e6 3. c4 c5 4. g3 cxd4 5. Nxd4 d5 6. Bg2 e5 7. Nf3 d4 8. O-O Nc6 9. e3 Bc5 10. exd4 exd4 11. Ne1 O-O 12. Nd3 Qb6 13. Nxc5 Qxc5 14.
b3 Bg4 15. f3 Bf5 16. Ba3 Nb4 17. Bxb4 Qxb4 18. Qxd4 Rfd8 19. Qe5 Bd3 20. Rc1 Re8 21. Qc3 Qc5+ 22. Kh1 Rad8 23. Re1 Qf2 24. Na3 Be2 25. Qb2 h5 26. Rf1 Qe3 27. Nc2 Qc5 28. Rfe1 h4 29.
Nd4 Qxd4 30. Qxd4 Rxd4 31. Kg1 Rd2 32. a4 Nh5 33. gxh4 Nf4 34. Bf1 Re6 35. c5 Rg6+ 36. Kf2 Bxf1+ 37. Ke3 Rxh2 38. Kxf4 Rxh4+ 39. Ke3 Bh3 40. Red1 Re6+ 41. Kf2 Bf5 42. Rd8+ Kh7 43. Rad1 Rh2+ 44. Kg3 Rb2 45. R1d5 Rg6+ 46. Kf4 Be6 47.
R5d6 Rxb3 48. Rb8 Rf6+ 49. Ke5 Rf5+ 50. Kd4 Rb4+ 51. Kc3 Rc4+ 52. Kd3 Rxf3+ 53. Ke2 Rh3 54.
Rxb7 Rxc5 55. Rxa7 Rc2+ 56. Kd1 Ra2 57. Kc1 Rh1+ 58.
Rd1 Ra1+ 59. Kb2 Rhxd1 0-1

[Event "*** Qualifier 3: Titled Tuesday 3|2 Blitz"]
[Site "Chess.com"]
[Date "2017.04.18"]
[Round "2"]
[White "Alexander_Moskalenko"]
[Black "Elshan1985"]
[Result "1-0"]
[WhiteElo "2661"]
[BlackElo "2504"]
[TimeControl "180+2"]
[EndTime "13:25:43 PDT"]
[Termination "Alexander_Moskalenko won by resignation"]

1. c4 e6 2. Nf3 d5 3. d4 Nf6 4. g3 dxc4 5. Bg2 a6 6. O-O Nc6 7. e3 Bd6 8. Nfd2 Bd7 9. Nxc4 O-O 10. Nc3 b5 11. Nxd6 cxd6 12. d5 exd5 13. Nxd5 Rc8 14. b3 Nxd5 15. Qxd5 Be6 16. Qd2 Qd7 17. Bb2 Bh3 18. Bxh3 Qxh3 19. Qxd6 Rfd8 20. Qf4 Rd5 21.
Qf3 Rh5 22. Qg2 Qd7 23. Rfd1 Qe8 24. Rac1 Rh6 25. Rc5 Re6 26. Rdc1 h6 27. Qf3 Qd7 28. Qg4 g6 29. Qf4 g5 30. Qf3 Rd6 31. g4 Qe6 32.
h3 Qd7 33. b4 Qe6 34. a3 Qd7 35. Kg2 Qe6 36. R1c2 Qd7 37. Qe4 Re6 38. Qf5 Ne7 39.
Rxc8+ Nxc8 40. Qf3 Nd6 41. Bd4 Nc4 42. a4 Qc6 43.
axb5 axb5 44. Ra2 f6 45. Ra8+ Kg7 46. Qxc6 Rxc6 47. Rb8 Na3 48. Bc5 Re6 49. Kf3 Kg6 50. Rg8+ Kf7 51. Ra8 Nc4 52. Rb8 Na3 53. Kg3 Kg6 54.
h4 gxh4+ 55. Kxh4 Re4 56. f3 Rc4 57. Rb7 h5 58. e4 hxg4 59. Kxg4 f5+ 60. Kf4 fxe4 61.
fxe4 Kf6 62. Rb6+ Kf7 63. Ke5 Rc2 64. Kf5 Rc1 65. Rb7+ Ke8 66. e5 Nc4 67. Ke6 Kd8 68. Rxb5 Kc7 69. Bd6+ 1-0

[Event "*** Qualifier 3: Titled Tuesday 3|2 Blitz"]
[Site "Chess.com"]
[Date "2017.04.18"]
[Round "2"]
[White "FearlessKing64"]
[Black "Outsmiter"]
[Result "1-0"]
[WhiteElo "2172"]
[BlackElo "2085"]
[TimeControl "180+2"]
[EndTime "13:25:58 PDT"]
[Termination "FearlessKing64 won by checkmate"]

1. e4 d6 2. d4 Nf6 3. Nc3 g6 4. f4 Bg7 5. Nf3 O-O 6. Be2 c5 7. dxc5 Qa5 8. O-O Qxc5+ 9. Kh1 Ng4 10.
Qe1 Ne3 11. Bxe3 Qxe3 12. Bd3 Qxe1 13. Raxe1 Nc6 14. Nd5 Bxb2 15. Bb5 e6 16. Bxc6 bxc6 17. Ne7+ Kg7 18. Nxc6 Ba6 19. Rf2 Rfc8 20. Ncd4 Rc4 21. Rd1 Rac8 22. h3 Bb7 23. f5 e5 24. f6+ Kg8 25. Nb3 Bxe4 26. Rxd6 Bxc2 27. Rfd2 h6 28. Na5 R4c7 29. Rd8+ Rxd8 30. Rxd8+ Kh7 31. Re8 e4 32. Ne1 Bxf6 33. Nxc2 Rxc2 34. Rxe4 Rxa2 35. Nc6 Kg7 36. Rb4 Ra6 37. Rc4 h5 38. Kg1 Ra2 39. Nb8 Ra1+ 40.
Kf2 Ra2+ 41. Kf3 h4 42. Nd7 Be7 43. Rc7 Ra3+ 44. Ke4 Rg3 45. Ne5 Kf6 46. Ng4+ Ke6 47. Rxa7 Rxg2 48. Ra6+ Kd7 49. Ra7+ Kd8 50. Ne5 Re2+ 51.
Kd5 Rd2+ 52. Ke4 f5+ 53. Ke3 Bg5+ 54. Kf3 Rb2 55. Nf7+ Ke8 56. Nxg5 Rb3+ 57. Kf4 Rb4+ 58. Ke5 Rb1 59. Kf6 Rb6+ 60. Ne6 f4 61. Re7# 1-0

[Event "*** Qualifier 3: Titled Tuesday 3|2 Blitz"]
[Site "Chess.com"]
[Date "2017.04.18"]
[Round "2"]
[White "mwpchess"]
[Black "Malev212"]
[Result "0-1"]
[WhiteElo "2390"]
[BlackElo "2427"]
[TimeControl "180+2"]
[EndTime "13:26:03 PDT"]
[Termination "Malev212 won by resignation"]

1. c4 e6 2. g3 d5 3. Nf3 dxc4 4.
Qa4+ Nd7 5. Qxc4 c5 6. Qb3 b6 7. Bg2 Bb7 8. O-O Ngf6 9. a4 a6 10. Nc3 Be7 11. d3 O-O 12. Rd1 Rc8 13. Bf4 Nd5 14. Bd2 Qc7 15. Rac1 Qb8 16. Bg5 Nxc3 17. Qxc3 Bxg5 18. Nxg5 Bxg2 19. Kxg2 e5 20. Qc4 a5 21. Qh4 h6 22. Nf3 Qd6 23. Rc4 f5 24. g4 e4 25.
Ng1 Ne5 26. Rcc1 exd3 27. exd3 fxg4 28. Qg3 Qf6 29. Re1 Ng6 30. Qxg4 Nf4+ 31. Kh1 Rcd8 32. Nh3 Nxd3 33. Re6 Qxf2 34. Rg1 Qf3+ 35. Qxf3 Rxf3 36.
Re7 Rf7 37. Rxf7 Kxf7 38. Rg2 c4 39. Kg1 g5 40. Rc2 Rd4 41. Kf1 Kg6 42. Re2 Nc5 43.
Nf2 h5 44. Kg2 Nxa4 45. h3 Nc5 46. Kf3 Nd3 47. Nh1 h4 48. Ke3 Rd6 49. Rg2 Nf4 50.
Rh2 Nxh3 51. Nf2 Nxf2 52. Rxf2 Kh5 53. Ke4 Rd1 54. Rf6 h3 55. Rf8 Kg4 56. Rh8 Kg3 57. Kf5 g4 58. Rg8 Rf1+ 59. Ke4 h2 0-1

[Event "*** Qualifier 3: Titled Tuesday 3|2 Blitz"]
[Site "Chess.com"]
[Date "2017.04.18"]
[Round "2"]
[White "MaxLeto"]
[Black "RichardLeyvaP"]
[Result "0-1"]
[WhiteElo "2313"]
[BlackElo "2368"]
[TimeControl "180+2"]
[EndTime "13:26:11 PDT"]
[Termination "RichardLeyvaP won on time"]

1. d4 Nf6 2. Nf3 g6 3. Bf4 Bg7 4. e3 d6 5. h3 O-O 6. Be2 Nc6 7. O-O Nd7 8. Bh2 e5 9. c4 exd4 10. exd4 Qf6 11. Nc3 Nxd4 12. Nd5 Nxf3+ 13. Bxf3 Qd8 14. Qd2 Ne5 15. Be2 c6 16. Nc3 Be6 17. b3 f5 18.
Rad1 Nf7 19. Rfe1 Qf6 20. Nb1 Rfe8 21. Qc2 Rad8 22. Nd2 h6 23. Nf3 Bc8 24. Bf4 Qc3 25. Qb1 Qb2 26. Qxb2 Bxb2 27. Bf1 Kg7 28. Rxe8 Rxe8 29.
Bxd6 Nxd6 30. Rxd6 Re7 31. g3 Ba3 32. Rd2 Bc5 33. Kg2 a5 34. Bd3 Kf6 35. Re2 Rxe2 36.
Bxe2 g5 37. Bd3 Be6 38. Ng1 Ke5 39. Ne2 f4 40. gxf4+ gxf4 41. Kf3 Bxh3 42. Nxf4 Bd7 43. Ng6+ Kf6 44. Nf4 Kg5 45. Ne2 Bg4+ 46. Kg3 h5 47. f4+ Kh6 48. Nc3 Bd7 49. Ne4 Be7 50. c5 h4+ 51. Kf3 Kh5 52. a3 Bg4+ 53. Kf2 h3 54.
Nd6 Bh4+ 55. Kg1 Bg3 56. Nxb7 Bf3 0-1

[Event "*** Qualifier 3: Titled Tuesday 3|2 Blitz"]
[Site "Chess.com"]
[Date "2017.04.18"]
[Round "2"]
[White "ChessQueen"]
[Black "silverback96"]
[Result "1-0"]
[WhiteElo "2247"]
[BlackElo "2045"]
[TimeControl "180+2"]
[EndTime "13:26:17 PDT"]
[Termination "ChessQueen won by resignation"]

1. e4 c6 2. d4 d5 3. e5 Bf5 4. Nf3 e6 5. Be2 h6 6. O-O Nd7 7. Nbd2 Ne7 8. Nb3 g5 9. c4 Bg7 10. Bd3 Qc7 11. Be3 Bxd3 12. Qxd3 dxc4 13. Qxc4 Nd5 14.
Nfd2 f5 15. exf6 N7xf6 16. Nc5 Ng4 17. Nf3 Qe7 18. Rae1 O-O 19. Bd2 Rf6 20. h3 b5 21.
Qc2 Rxf3 22. gxf3 Ngf6 23. Rxe6 Qf7 24. Rfe1 Nh5 25. Qe4 Rf8 26. Re8 Nhf4 27. Rxf8+ Bxf8 28. Ne6 Nxh3+ 29. Kg2 Nhf4+ 30. Bxf4 Nxf4+ 31. Nxf4 gxf4 32. Qe6 Bg7 33. Qxf7+ Kxf7 34. Re4 a5 35. Rxf4+ Ke6 36. Rg4 Bh8 37. Rg6+ Kd5 38. Rxh6 Bxd4 39. b3 a4 40.
f4 axb3 41. axb3 c5 42. Kf3 c4 43. Rh5+ Kc6 44. bxc4 bxc4 45. Rh1 Kc5 46. Ke2 Kd5 47. f3 Bg7 48. Rd1+ Ke6 49. Ke3 c3 50. Ke4 Bf6 51. Ra1 Kf7 52. Ra2 Kg6 53. Ra6 Kg7 54. Rc6 Kf7 55. Kf5 Bg7 56. Rc7+ Kf8 57. Ke6 Bd4 58. f5 Kg8 59. f6 Kh8 60. Rc8+ Kh7 61. f7 c2 62.
Rxc2 Bg7 63. Rh2+ Kg6 64. Rg2+ Kh7 65. Rxg7+ Kxg7 66. Ke7 Kh7 67. f8=Q Kg6 68. Qf6+ Kh7 69. Qg5 Kh8 1-0

[Event "*** Qualifier 3: Titled Tuesday 3|2 Blitz"]
[Site "Chess.com"]
[Date "2017.04.18"]
[Round "2"]
[White "ShimanovAlex"]
[Black "johnathan113"]
[Result "0-1"]
[WhiteElo "2583"]
[BlackElo "2460"]
[TimeControl "180+2"]
[EndTime "13:26:18 PDT"]
[Termination "johnathan113 won by resignation"]

1. d4 Nf6 2. Bf4 g6 3. Nc3 Bg7 4. e4 d5 5. e5 Ne4 6. Bd3 Nxc3 7. bxc3 c5 8. h3 Nc6 9. Nf3 Qa5 10. Qd2 c4 11. Be2 Bf5 12. O-O Qa4 13. Bd1 h6 14. Re1 O-O-O 15. Nh2 Bd7 16. Nf1 e6 17. Bh2 h5 18. Bf4 f6 19. exf6 Bxf6 20. Nh2 Qa3 21. Nf3 Rhg8 22. h4 Ne7 23. g3 Nf5 24. Bg5 Qe7 25.
a4 Nd6 26. Bxf6 Qxf6 27. Ng5 Nf7 28. a5 Nxg5 29. Qxg5 Rgf8 30. Qxf6 Rxf6 31. f4 Kc7 32. Bf3 Rdf8 33. Re5 Rf5 34. Kf2 Bc8 35. Ke3 Kd6 36.
Bg2 Rxe5+ 37. fxe5+ Kc6 38. Rb1 Bd7 39. Bf3 Kc7 40.
Be2 Bc6 41. Rg1 Ba4 42. Kd2 Rf2 43. Ke3 Rh2 44. Rc1 Kc6 45. Kf3 Kb5 46. Rb1+ Kxa5 47.
Rxb7 Bxc2 48. Rxa7+ Kb5 49. Ra2 Bd3 50. Bxd3 Rxa2 51. Bxg6 Ra3 52. Bxh5 Rxc3+ 53. Kf4 Rd3 54. Bg6 Rxd4+ 55. Kg5 c3 56. h5 Re4 57. Be8+ Kb4 58. h6 c2 59. h7 c1=Q+ 60. Kg6 Rg4+ 61. Kf7 Qh6 0-1

[Event "*** Qualifier 3: Titled Tuesday 3|2 Blitz"]
[Site "Chess.com"]
[Date "2017.04.18"]
[Round "2"]
[White "OparinGrigoriy"]
[Black "GMHess"]
[Result "1/2-1/2"]
[WhiteElo "2634"]
[BlackElo "2522"]
[TimeControl "180+2"]
[EndTime "13:26:19 PDT"]
[Termination "Game drawn - insufficient material"]

1. e4 e5 2. Nf3 Nc6 3. Bc4 Bc5 4.
c3 Nf6 5. d3 a6 6. a4 Ba7 7.
Nbd2 O-O 8. O-O d6 9. h3 Kh8 10. Re1 Be6 11. Bxe6 fxe6 12. Nc4 Nh5 13. Be3 Nf4 14.
Bxa7 Rxa7 15. Kh2 Qf6 16. Rf1 Nxh3 17. Kxh3 Qh6+ 18. Kg3 Qf4+ 19. Kh3 Qh6+ 20. Kg3 Rf6 21.
Nh4 g5 22. Rh1 gxh4+ 23. Rxh4 Qg7+ 24. Rg4 Qf7 25. Qe2 Ra8 26. Rh1 Rg8 27. Rxg8+ Qxg8+ 28. Kh2 Qg5 29. Ne3 Ne7 30. Qg4 Qf4+ 31. Qxf4 exf4 32.
Ng4 Rg6 33. f3 Nc6 34. d4 e5 35. Rd1 h5 36. Nf2 Kg7 37. Nd3 Kf6 38. b4 Rg7 39.
b5 axb5 40. axb5 Na5 41. Nb4 Nc4 42. dxe5+ dxe5 43. Rd8 Ne3 44. Nd5+ Nxd5 45. Rxd5 Ke6 46. c4 c6 47. Rd8 cxb5 48. cxb5 Rc7 49. Rh8 Rc5 50.
b6 Rc6 51. Rxh5 Kd6 52. Rh6+ Kc5 53. Rh5 Kd4 54. g3 Rxb6 55. gxf4 exf4 56. Ra5 Ke3 57.
Ra3+ Kf2 58. Kh3 Rg6 59. e5 b5 60. Rb3 b4 61. Kh4 Ke2 62. Kh5 Re6 63. Kg4 Rxe5 64.
Rxb4 Re8 65. Rxf4 Rg8+ 66. Kh3 Ke3 67. Rf5 Rh8+ 68. Kg4 Rg8+ 69. Kh5 Rh8+ 70. Kg5 Rg8+ 71. Kh6 Rh8+ 72. Kg6 Rg8+ 73. Kf7 Rg3 74. Ke6 Rxf3 75. Rxf3+ Kxf3 1/2-1/2

[Event "*** Qualifier 3: Titled Tuesday 3|2 Blitz"]
[Site "Chess.com"]
[Date "2017.04.18"]
[Round "2"]
[White "djano"]
[Black "chessking2151"]
[Result "1-0"]
[WhiteElo "2358"]
[BlackElo "2314"]
[TimeControl "180+2"]
[EndTime "13:26:29 PDT"]
[Termination "djano won on time"]

1. d4 Nf6 2. Bf4 c5 3. e3 d5 4. Nd2 Nc6 5. c3 Bf5 6. Ngf3 e6 7. Bb5 Qb6 8. Qa4 a6 9. Bxc6+ Qxc6 10.
Qxc6+ bxc6 11. dxc5 Bxc5 12. Nd4 Rc8 13. f3 Bg6 14.
Ke2 Nd7 15. N4b3 Be7 16. Rhc1 c5 17. e4 dxe4 18. Nxe4 e5 19. Be3 f5 20. Ned2 O-O 21. Nc4 Bf7 22. Nba5 Rfd8 23. Rd1 Kf8 24. Nd6 Bxd6 25.
Rxd6 Rb8 26. b3 Ke8 27. Rad1 c4 28. b4 Nf6 29. Rxa6 Rxd1 30. Kxd1 Nd5 31. Bd2 Rd8 32. Ke2 e4 33. Nc6 Rc8 34. b5 e3 35. Be1 f4 36. g3 Bg6 37. Ne5 Rb8 38. a4 Rd8 39.
Nxg6 hxg6 40. b6 g5 41. b7 Nc7 42. Rc6 Kd7 43. Rxc4 Rb8 44. gxf4 gxf4 45. Rxf4 Rxb7 46. Rf7+ Ke6 47. Rxg7 Rb2+ 48. Kxe3 Nd5+ 49. Kd4 Re2 50. Bg3 Ne7 51. Kc4 Re3 52. f4 Nf5 53. Rg6+ Kf7 54.
Rg5 Re4+ 55. Kb5 Nd6+ 56. Kc6 Re6 57. Kd7 Ne4 58. Re5 Nf6+ 59. Kc7 Ne8+ 60. Kb7 Nd6+ 61.
Kc6 Rh6 62. Kc5 Nb7+ 63. Kb4 Rb6+ 64. Rb5 Re6 65. Rxb7+ Kf6 66. a5 1-0

[Event "*** Qualifier 3: Titled Tuesday 3|2 Blitz"]
[Site "Chess.com"]
[Date "2017.04.18"]
[Round "2"]
[White "Rock700chess"]
[Black "rubhani"]
[Result "1/2-1/2"]
[WhiteElo "2224"]
[BlackElo "2369"]
[TimeControl "180+2"]
[EndTime "13:26:47 PDT"]
[Termination "Game drawn by repetition"]

1. e4 c5 2. d4 cxd4 3. c3 d5 4.
exd5 Qxd5 5. Nf3 Nc6 6. Be2 Nf6 7. cxd4 Qd8 8. O-O e6 9. Nc3 Be7 10. Bf4 O-O 11. Rc1 Bd7 12. a3 Rc8 13. Ne5 Be8 14. Nxc6 Bxc6 15. Bf3 Qb6 16. Bxc6 Rxc6 17. Qd2 Rd8 18. Rfd1 Nd5 19. Nxd5 Rxd5 20. Be3 h6 21. b4 a6 22. h3 Bf6 23. Kh2 Qc7+ 24. f4 Rxc1 25.
Rxc1 Qd7 26. Rc5 Rd6 27. Qc3 Bxd4 28. Rc8+ Kh7 29. Bxd4 Rxd4 30. Rc7 Qd6 31. Rxf7 Kg8 32. Qc7 Qxc7 33. Rxc7 Rxf4 34. Rxb7 e5 35. Rb6 Rf6 36.
Rxf6 gxf6 37. a4 Kf7 38. a5 Ke6 39. b5 Kd5 40. b6 Kc6 41. Kg3 f5 42. Kf3 h5 43. g4 fxg4+ 44. hxg4 hxg4+ 45. Kxg4 Kb7 46. Kf5 Kb8 47. Kxe5 Kb7 48. Kd6 Kb8 49. Kc6 Kc8 50. Kd5 Kd7 51. Kc5 Kd8 52. Kb4 Kc8 53. Kc3 Kb8 54. Kd3 Kb7 55. Ke4 Kb8 56. Ke5 Kb7 57. Kd6 Kb8 58. Kc6 Kc8 59. Kc5 Kb8 60. Kd6 Kb7 61. Kd7 Kb8 62. Kc6 Kc8 63. Kd6 Kb8 64. Ke7 Kb7 65. Kf8 Kb8 66. Kg8 Kb7 67. Kh8 Kb8 68. Kg7 Kb7 69. Kf8 Kb8 70. Kf7 Kb7 71. Ke8 Kb8 72. Kd7 Kb7 73. Kd6 Kb8 74. Kc6 Kc8 1/2-1/2

[Event "*** Qualifier 3: Titled Tuesday 3|2 Blitz"]
[Site "Chess.com"]
[Date "2017.04.18"]
[Round "2"]
[White "GMSAGOR"]
[Black "mc4chess"]
[Result "0-1"]
[WhiteElo "2058"]
[BlackElo "2222"]
[TimeControl "180+2"]
[EndTime "13:27:01 PDT"]
[Termination "mc4chess won by checkmate"]

1. e4 c5 2. Nf3 e6 3. d4 cxd4 4. Nxd4 a6 5. Nc3 Qc7 6. Be2 Nf6 7. O-O d6 8. Be3 Nc6 9. Kh1 Be7 10. f4 Bd7 11. Qe1 b5 12. a3 Rc8 13. Qg3 g6 14.
Nxc6 Bxc6 15. Bd4 Rg8 16. e5 Ne4 17. Nxe4 Bxe4 18. c3 h5 19. Bxh5 d5 20. Bf3 Bf5 21. Bg4 Be4 22. Rae1 Rh8 23. Qe3 Kd7 24. Bf3 Bf5 25. g4 Be4 26. Bxe4 dxe4 27. Qxe4 Rh4 28. Rd1 Ke8 29. Rg1 a5 30. Bf2 Rh8 31. Bg3 b4 32. axb4 axb4 33. Rd3 Qb8 34. Rgd1 bxc3 35. bxc3 Qb3 36.
Kg2 Kf8 37. f5 gxf5 38. gxf5 exf5 39. Qxf5 Rc6 40. Rf1 Qe6 41. Qf3 Rc4 42. Qf5 Qxf5 43. Rxf5 Kg7 44. Rd7 Re8 45. e6 fxe6 46. Be5+ Kg6 47.
Rf3 Rg4+ 48. Kf2 Rg5 49. Ke3 Rxe5+ 50. Kd4 Rg5 51. c4 Bf6+ 52. Ke4 Rc8 53. Rd6 Rxc4+ 54. Ke3 Rc3+ 55. Kf2 Rxf3+ 56. Kxf3 Rf5+ 57. Kg4 e5 58. h3 Rf4+ 59. Kg3 Kf5 60. Ra6 Bh4+ 61. Kg2 Rf2+ 62. Kg1 Rb2 63. Ra8 e4 64. Rh8 Bg5 65. h4 Bf4 66. h5 e3 67. h6 Ke4 68. h7 Kf3 69. Re8 Rb1# 0-1

[Event "*** Qualifier 3: Titled Tuesday 3|2 Blitz"]
[Site "Chess.com"]
[Date "2017.04.18"]
[Round "2"]
[White "RaphaeI"]
[Black "Journey_to_GrandMaster_YT"]
[Result "1/2-1/2"]
[WhiteElo "2375"]
[BlackElo "2306"]
[TimeControl "180+2"]
[EndTime "13:27:05 PDT"]
[Termination "Game drawn - insufficient material"]

1. Nf3 d6 2. d4 Nf6 3. c4 Nbd7 4.
Nc3 e5 5. e4 Be7 6. Be2 O-O 7.
O-O c6 8. Be3 a6 9. d5 cxd5 10.
cxd5 b5 11. a3 Ng4 12. Bd2 Nb6 13. Ne1 Nf6 14. b3 Bd7 15. Nd3 Rc8 16. Rc1 a5 17.
f3 a4 18. bxa4 bxa4 19. Nb4 Nh5 20. Ba6 Ra8 21. Bb7 Ra7 22. Bc6 Bg5 23. Bxd7 Rxd7 24. Nc6 Qf6 25. Ne2 Qg6 26. Bxg5 Qxg5 27. Qd3 f5 28. Rb1 fxe4 29. Qxe4 Nf6 30. Qd3 Nbxd5 31. Rb5 Qe3+ 32. Qxe3 Nxe3 33. Rfb1 Rc8 34. Rb8 Rxb8 35.
Rxb8+ Kf7 36. Nc3 Rc7 37. Rb6 Nc4 38. Ra6 Nxa3 39. Nxa4 Nb5 40. Rb6 Nd7 41. Nxe5+ Nxe5 42. Rxb5 Ke6 43. Nb2 Rc1+ 44. Kf2 Rc2+ 45. Kg3 g5 46.
Nd1 h5 47. Ne3 Re2 48. Nd1 Rd2 49. Nc3 d5 50. Rb6+ Kf5 51. Rd6 h4+ 52. Kh3 Ng6 53. Rxd5+ Rxd5 54. Nxd5 Ke5 55. Ne3 Kf4 56. Nd5+ Ke5 57.
Nc3 Kf5 58. Ne2 Ne5 59. g4+ hxg3 60. Kxg3 Nd3 61. Nd4+ Kg6 62. h3 Ne5 63. Ne6 Kh5 64.
Nc5 Ng6 65. Ne6 Nh4 66. f4 Nf5+ 67. Kf3 gxf4 68. Nxf4+ Kh4 69. Kg2 Ne3+ 70. Kf3 Nf5 71. Ke4 Ng7 72. Kf3 Nh5 73. Nxh5 Kxh3 1/2-1/2

[Event "*** Qualifier 3: Titled Tuesday 3|2 Blitz"]
[Site "Chess.com"]
[Date "2017.04.18"]
[Round "2"]
[White "likantrophuss"]
[Black "amazingoid"]
[Result "1-0"]
[WhiteElo "2404"]
[BlackElo "2333"]
[TimeControl "180+2"]
[EndTime "13:27:08 PDT"]
[Termination "likantrophuss won by resignation"]

1. d4 Nf6 2. Nf3 e6 3. c4 Nc6 4. Nc3 Bb4 5. Bd2 O-O 6. Rg1 d6 7. g4 e5 8. d5 Nd4 9. h3 Nxf3+ 10. exf3 Re8 11. Ne4 Bxd2+ 12. Qxd2 c6 13. dxc6 Nxe4 14. fxe4 bxc6 15. O-O-O Be6 16. Qxd6 Qb6 17. Qd2 Rad8 18. Qc2 Rxd1+ 19. Kxd1 Rd8+ 20. Kc1 Qb4 21. Bd3 Rd4 22. Rd1 h5 23. a3 Qc5 24. Be2 hxg4 25. hxg4 Rxd1+ 26. Bxd1 Qxc4 27. Qxc4 Bxc4 28. Kd2 Kf8 29. Kc3 Be6 30. Kb4 Ke7 31. Be2 Kd6 32. Ka5 Bc8 33. b4 g6 34. a4 f5 35. gxf5 gxf5 36. f3 f4 37. Ba6 Bh3 38. Be2 Bc8 39. Ba6 Bh3 40.
Be2 Bc8 41. Bd1 Bb7 42. Bc2 Bc8 43. Bd3 Kc7 44. Bf1 Kd6 45. Bg2 Kc7 46. Bf1 Kd6 47. Ba6 Be6 48. Bb7 Bc4 49. Ba6 Be6 50. Bb7 Bc4 51. Ba6 Be6 52. Be2 Kc7 53. b5 cxb5 54. Kxb5 Bc8 55. Kc5 Bb7 56. Bc4 Bc6 57. a5 Bb7 58. Bb5 a6 59. Be8 Kd8 60. Bg6 Kc7 61. Be8 Kd8 62. Bf7 Kc7 63. Bd5 Bc8 64. Bc4 Bb7 65. Bd5 Bc8 66. Bc4 Bb7 67. Be6 Bc6 68.
Bd5 Bd7 69. Bc4 Bc8 70. Kd5 Bb7+ 71. Kxe5 Kc6 72. Kxf4 Kc5 73. Bf1 Kb4 74. Ke5 Kxa5 75. f4 Kb4 76. f5 Bc6 77. f6 Be8 78. Bxa6 1-0

[Event "*** Qualifier 3: Titled Tuesday 3|2 Blitz"]
[Site "Chess.com"]
[Date "2017.04.18"]
[Round "2"]
[White "DanielNaroditsky"]
[Black "BogdanDeac"]
[Result "1-0"]
[WhiteElo "2738"]
[BlackElo "2508"]
[TimeControl "180+2"]
[EndTime "13:27:41 PDT"]
[Termination "DanielNaroditsky won on time"]

1. e4 e5 2. Nf3 Nc6 3. Bb5 Nf6 4.
O-O Nxe4 5. d4 Nd6 6. dxe5 Nxb5 7.
a4 Nbd4 8. Nxd4 d5 9. Nxc6 bxc6 10. Qd3 Be7 11. Qg3 g6 12. Bh6 Bf5 13. Nd2 c5 14.
Rfe1 Qd7 15. Bg7 Rg8 16. Bf6 O-O-O 17. Nb3 c4 18. Nd4 Rde8 19. Qc3 Bxf6 20. exf6 Qd6 21. Nb5 Qb6 22. Re7 Rxe7 23. fxe7 Re8 24. Re1 Be6 25. Qg7 Rxe7 26. Qf8+ Kd7 27. c3 c5 28. Re2 a6 29. Na3 Qb3 30. Re1 d4 31. Qa8 d3 32.
Qa7+ Kd8 33. Qa8+ Bc8 34. Qd5+ Rd7 35. Qg5+ Kc7 36. Qxc5+ Kb8 37. Qxc4 Qb6 38. Qf4+ Ka8 39. Nc4 Qc5 40. a5 Ka7 41. b4 Qc6 42. Qe3+ Kb8 43. Nb6 Rd8 44. Qd2 Bb7 45. f3 Qd6 46. Nc4 Qd5 47.
Nb6 Qd6 48. Nc4 Qd5 49. Qf4+ Ka7 50. Qe3+ Kb8 51. Nd2 Qc6 52. c4 Qd6 53. b5 axb5 54.
cxb5 Qd4 55. Qxd4 Rxd4 56. Re8+ Bc8 57. Kf2 Rb4 58. b6 Rb2 59. Ke3 Rb5 60. Ne4 d2 61. Kxd2 Rxa5 62. Kc3 Rd5 63. Kc4 Rd1 64. Nc5 Rc1+ 65.
Kd5 Rd1+ 66. Kc6 Rc1 67. b7 Rxc5+ 68. Kxc5 1-0

[Event "*** Qualifier 3: Titled Tuesday 3|2 Blitz"]
[Site "Chess.com"]
[Date "2017.04.18"]
[Round "2"]
[White "daro94"]
[Black "A-Fier"]
[Result "0-1"]
[WhiteElo "2750"]
[BlackElo "2504"]
[TimeControl "180+2"]
[EndTime "13:27:51 PDT"]
[Termination "A-Fier won by resignation"]

1. Nf3 Nf6 2. b3 g6 3. Bb2 Bg7 4.
g3 d5 5. c4 c6 6. Bg2 O-O 7.
O-O a5 8. Nc3 d4 9. Na4 Ne8 10.
e3 e5 11. exd4 exd4 12. Re1 Na6 13. c5 Bf5 14. a3 Nec7 15. Rc1 Nb5 16. Ne5 Qc7 17.
Nc4 Rad8 18. Qf3 Be6 19. g4 Bd5 20. Qg3 Bxg2 21. Qxc7 Naxc7 22. Kxg2 Ra8 23. Nab6 Ra6 24. a4 Na7 25. Nd6 Ne6 26. Nxb7 Nf4+ 27. Kf3 Nd3 28.
Ba3 Nxc1 29. Rxc1 Nc8 30. Nxc8 Rxc8 31. Nd6 Rb8 32. Rb1 Ra7 33. Ke4 Re7+ 34. Kd3 Re5 35. f3 Bf8 36. h3 h5 37. Kxd4 Rd5+ 38. Kc3 Bxd6 39. cxd6 c5 40. Re1 Rc8 41. d7 Rxd7 42. gxh5 gxh5 43. Re5 Rd6 44. Bxc5 Rf6 45. d4 Rxf3+ 46.
Kc4 Rxh3 47. Rg5+ Kh7 48. d5 Rh1 49. d6 Rd1 50. Kb5 Kh6 51. Re5 h4 52. Be3+ Kg6 53. Rg5+ Kf6 54. Rh5 Rd3 55. Bc5 Rxb3+ 56. Kc4 Rb4+ 57.
Kd5 Rxc5+ 58. Kxc5 Ke6 59. Rh8 Kd7 60. Rh7 Rf4 61. Kd5 Rf5+ 62. Ke4 Rc5 63. Kd4 Rf5 64. Ke4 Rf1 65. Rh6 h3 66. Ke5 f6+ 67. Kd5 Rf5+ 68.
Ke4 Re5+ 69. Kd4 Kxd6 70. Rxh3 Rg5 71. Kc4 Ke5 72. Rh8 Kf4 73. Rf8 Rf5 74. Kd4 Kf3 75. Rf7 Kg4 76. Ke4 Re5+ 77. Kd4 Kf5 78. Kc4 Ke6 79. Rf8 f5 80. Re8+ Kf6 81. Rf8+ Kg5 82.
Kd4 Re4+ 83. Kc5 Rxa4 84. Rg8+ Kf4 85. Kb5 Ra1 86. Rh8 a4 87. Rh1 Rxh1 0-1